[Event "*** Titled Tuesday Blitz"]
[Site "Chess.com"]
[Date "2018.12.04"]
[Round "8"]
[White "Panchenko_Dmitry"]
[Black "sergiochess83"]
[Result "1-0"]
[WhiteElo "2566"]
[BlackElo "2756"]
[TimeControl "180+2"]
[EndTime "14:52:01 PST"]
[Termination "Panchenko_Dmitry won by resignation"]

1. e4 c5 2. Nf3 d6 3. d4 cxd4 4.
Nxd4 Nf6 5. Nc3 a6 6. Be3 e6 7.
Be2 Qc7 8. Qd2 b5 9. f3 Nbd7 10.
O-O-O h5 11. Kb1 Ne5 12. Ndxb5 axb5 13. Nxb5 Qb8 14. Nxd6+ Bxd6 15. Qxd6 Qxd6 16. Rxd6 Bd7 17. Rhd1 Rc8 18. Bd4 Ba4 19. b3 Nc6 20. bxa4 Nxd4 21.
R6xd4 Ke7 22. Bb5 e5 23. Rd6 h4 24. h3 Rc7 25. a5 Ra8 26. a6 Raa7 27. a4 Nh5 28. Rd8 Nf4 29. Re8+ Kf6 30. Rd6+ Ne6 31. Rb6 Kg5 32. Rexe6 fxe6 33. Rxe6 Kf4 34. Rg6 Ke3 35. Kb2 Ra8 36. Kb3 Rd8 37. c4 Rd2 38. Kb4 1-0

[Event "*** Titled Tuesday Blitz"]
[Site "Chess.com"]
[Date "2018.12.04"]
[Round "8"]
[White "Durarbayli"]
[Black "mazetofonias"]
[Result "1-0"]
[WhiteElo "2705"]
[BlackElo "2557"]
[TimeControl "180+2"]
[EndTime "14:52:01 PST"]
[Termination "Durarbayli won by resignation"]

1. e4 c5 2. Nf3 d6 3. d4 cxd4 4. Nxd4 Nf6 5. Nc3 a6 6. Bc4 e6 7. Bb3 b5 8. f4 Bd7 9. e5 dxe5 10.
fxe5 Nd5 11. Nxd5 Qh4+ 12. Kf1 exd5 13. Bxd5 Ra7 14. Be3 Rc7 15. Qf3 Bg4 16. Qe4 Qh5 17. h3 Bc8 18. Kg1 Bc5 19. Rf1 O-O 20. Kh2 Nd7 21. Nf5 Bxe3 22. Qxe3 Rxc2 23. Be4 Rxb2 24. e6 Nf6 25. Qg3 g6 26. Ne7+ Kg7 27.
Rxf6 Kxf6 28. Nd5+ Kxe6 29. Nf4+ 1-0

[Event "*** Titled Tuesday Blitz"]
[Site "Chess.com"]
[Date "2018.12.04"]
[Round "8"]
[White "Godzillator"]
[Black "cool4chess"]
[Result "1-0"]
[WhiteElo "2372"]
[BlackElo "2246"]
[TimeControl "180+2"]
[EndTime "14:52:01 PST"]
[Termination "Godzillator won by resignation"]

1. d4 d5 2. c4 c6 3. cxd5 cxd5 4. Bf4 Nf6 5. Nc3 Nc6 6. e3 Bf5 7. Qb3 Na5 8. Qa4+ Bd7 9. Qc2 e6 10. Bd3 Rc8 11. Nf3 Nc6 12. a3 Be7 13. h3 O-O 14.
O-O h6 15. Qe2 Na5 16. Nd2 a6 17. Rfc1 b5 18. a4 Nc4 19. axb5 axb5 20. b3 Nxd2 21. Qxd2 Bb4 22. Qb2 Qb6 23. Na2 Bd6 24. Bxd6 Qxd6 25. b4 Rfd8 26. Rc5 Qb6 27. Rac1 Bc6 28. Qc2 Rd6 29.
Bxb5 Nd7 30. Rxc6 Rdxc6 31. Bxc6 Nb8 32. b5 Qa5 33. Qb2 Qb6 34. Nb4 Rc7 35. Nd3 Ra7 36.
Qc3 Rc7 37. Qc5 Qa5 38. b6 Qxc5 39.
bxc7 Qf8 40. Bb7 1-0

[Event "*** Titled Tuesday Blitz"]
[Site "Chess.com"]
[Date "2018.12.04"]
[Round "8"]
[White "Yurovskykh_Oleksandr"]
[Black "SerGo055"]
[Result "1/2-1/2"]
[WhiteElo "2488"]
[BlackElo "2456"]
[TimeControl "180+2"]
[EndTime "14:52:04 PST"]
[Termination "Game drawn - insufficient material"]

1. d4 Nf6 2. Bg5 d5 3. Bxf6 gxf6 4. c4 c6 5. e3 Bf5 6. Nc3 e6 7. Nge2 h5 8. Ng3 Bg6 9. h4 Nd7 10. cxd5 cxd5 11. Be2 Bd6 12. Nxh5 Qb6 13. Nf4 Bxf4 14. exf4 Qxb2 15. Qc1 Qxc1+ 16. Rxc1 Rc8 17. Kd2 Nb6 18. g3 Ke7 19. h5 Bh7 20. g4 Nc4+ 21. Bxc4 Rxc4 22.
Ne2 Rhc8 23. Rxc4 dxc4 24. Rc1 b5 25. a3 a5 26. Kc3 Bd3 27. Re1 Rb8 28. Nc1 b4+ 29.
axb4 axb4+ 30. Kb2 Bh7 31. d5 Kd6 32. dxe6 fxe6 33. g5 fxg5 34. fxg5 Rf8 35. g6 Rxf2+ 36. Re2 Rxe2+ 37. Nxe2 Bxg6 38. hxg6 Ke7 39. Nd4 Kf6 40. g7 Kxg7 41. Nxe6+ Kf6 42. Nc7 Ke5 43. Na6 b3 44. Kc3 Ke4 45. Nc5+ Ke3 46. Nxb3 cxb3 47. Kxb3 1/2-1/2

[Event "*** Titled Tuesday Blitz"]
[Site "Chess.com"]
[Date "2018.12.04"]
[Round "8"]
[White "nailbeshirli"]
[Black "Antipov_Mikhail_Al"]
[Result "1-0"]
[WhiteElo "2619"]
[BlackElo "2781"]
[TimeControl "180+2"]
[EndTime "14:52:05 PST"]
[Termination "nailbeshirli won by resignation"]

1. e4 c5 2. Nf3 Nc6 3. Nc3 e6 4. Bb5 Nge7 5. d4 cxd4 6. Nxd4 Nxd4 7. Qxd4 Nc6 8. Qe3 a6 9. Bxc6 dxc6 10. Qf3 Qf6 11. Qg3 Qg6 12. Be3 Qxg3 13. hxg3 e5 14. Na4 Be6 15. b3 Bb4+ 16. Ke2 O-O-O 17. Rad1 Rxd1 18.
Rxd1 Be7 19. Nc5 Bg4+ 20. f3 Bh5 21. Nxb7 f6 22. Nd6+ Kc7 23. Nf5 Bf8 24. Bd2 Kb6 25. Bc3 Bf7 26. Rd8 g6 27. Nd6 Be6 28. Re8 Bd7 29.
Nc4+ Kb7 30. Na5+ Kc7 31. Ra8 Kb6 32. Rb8+ Kc7 33. Rb7+ Kd6 34. Bb4+ c5 35. Bxc5+ Kxc5 36. Rxd7 Kb4 37. Nc4 Bc5 38. a3+ Kc3 39. Rc7 Bd4 40.
Nxe5+ Kb2 41. Nd3+ Kxa3 42. Rc4 1-0

[Event "*** Titled Tuesday Blitz"]
[Site "Chess.com"]
[Date "2018.12.04"]
[Round "8"]
[White "AndrewMcStone"]
[Black "Kawhi_Leonard2"]
[Result "0-1"]
[WhiteElo "2128"]
[BlackElo "2272"]
[TimeControl "180+2"]
[EndTime "14:52:08 PST"]
[Termination "Kawhi_Leonard2 won by resignation"]

1. d4 Nf6 2. c4 c5 3. d5 e6 4. Nc3 exd5 5. cxd5 d6 6. e4 g6 7. Nge2 Bg7 8. Ng3 h5 9. Bg5 h4 10. Nge2 h3 11. g3 Nbd7 12. Nc1 Ne5 13. Be2 a6 14. a4 Qb6 15. Rb1 Qb4 16. f3 Bd7 17. Be3 b5 18. Na2 Qa5 19. b4 cxb4 20. Nxb4 bxa4 21. O-O O-O 22. Qd2 Rfb8 23. Nc6 Nxc6 24.
dxc6 Bxc6 25. Qxd6 Qxc3 26. Bd4 Qc2 27. Bxf6 Bxf6 28. Qxf6 Qxe2 29. Rf2 Qd3 30. Rc1 Bb5 31. g4 Rc8 32. Re1 Rc2 33. Rxc2 Qxc2 0-1

[Event "*** Titled Tuesday Blitz"]
[Site "Chess.com"]
[Date "2018.12.04"]
[Round "8"]
[White "CaptainCasanova"]
[Black "burbur555"]
[Result "1-0"]
[WhiteElo "2658"]
[BlackElo "2563"]
[TimeControl "180+2"]
[EndTime "14:52:14 PST"]
[Termination "CaptainCasanova won by resignation"]

1. e4 c6 2. d4 d5 3. e5 Bf5 4. h4 Qc8 5. h5 h6 6. Ne2 e6 7. Ng3 Bh7 8. c3 c5 9. Be3 Nd7 10. Be2 Ne7 11. Nd2 Nf5 12. Nxf5 Bxf5 13. g4 Bh7 14. O-O Be7 15. f4 O-O 16. Kg2 cxd4 17.
cxd4 Qc2 18. Qxc2 Bxc2 19. Rac1 Rfc8 20. f5 Rc7 21. Kg3 Rac8 22. a3 a6 23. Rf2 Ba4 24.
Rcf1 Bb5 25. Bxb5 axb5 26. fxe6 fxe6 27. Nf3 Rc2 28. g5 Rxf2 29. Rxf2 hxg5 30. Bxg5 Bxg5 31. Nxg5 Nf8 32. Nf7 Rc1 33. Nd6 b4 34. axb4 Rd1 35. Rf4 b6 36. Nc8 Rd3+ 37. Kg4 Rb3 38. Ne7+ Kh7 39.
Rxf8 Rxb4 40. Ng6 1-0

[Event "*** Titled Tuesday Blitz"]
[Site "Chess.com"]
[Date "2018.12.04"]
[Round "8"]
[White "Shahinyan_ChessMood"]
[Black "FearNoEvil12"]
[Result "1-0"]
[WhiteElo "2644"]
[BlackElo "1988"]
[TimeControl "180+2"]
[EndTime "14:52:15 PST"]
[Termination "Shahinyan_ChessMood won on time"]

1. e4 a6 2. d4 b5 3. Nf3 Bb7 4.
Bd3 e6 5. O-O Nf6 6. Qe2 d6 7.
a4 b4 8. c4 bxc3 9. Nxc3 Nbd7 10.
Bd2 h6 11. b4 g5 12. Rfe1 g4 13. Nh4 h5 14. d5 e5 15. Nf5 Bc8 16. Bg5 Rg8 17.
Bh4 Be7 18. Nd1 Nf8 19. Nxe7 Qxe7 20. Rc1 Ng6 21. Bxf6 Qxf6 22. Rxc7 Nf4 23. Qc2 Bd7 24.
Rxd7 Kxd7 25. Qc6+ Ke7 26. Qb7+ Kf8 27. Qxa8+ Kg7 28. Qxa6 Kh6 29. Bf1 Nh3+ 30. Kh1 Nxf2+ 31. Nxf2 Qxf2 32. Qe2 Qf6 33. a5 h4 34. a6 h3 35.
a7 g3 36. b5 Qh4 37. b6 gxh2 38. Qe3+ Kg7 39. b7 Rh8 40. b8=Q hxg2+ 41. Bxg2 1-0

[Event "*** Titled Tuesday Blitz"]
[Site "Chess.com"]
[Date "2018.12.04"]
[Round "8"]
[White "abubakrtagelsir"]
[Black "Zq1"]
[Result "0-1"]
[WhiteElo "2286"]
[BlackElo "2501"]
[TimeControl "180+2"]
[EndTime "14:52:17 PST"]
[Termination "Zq1 won by checkmate"]

1. e4 c5 2. Nc3 a6 3. f4 b5 4. Nf3 Bb7 5. d4 cxd4 6. Qxd4 e6 7. Bd3 Nf6 8. a3 b4 9. axb4 Nc6 10. Qf2 Nxb4 11.
O-O Rc8 12. Kh1 Bc5 13. Qg3 Nxd3 14. cxd3 O-O 15. f5 exf5 16. Bh6 Nh5 17. Qh3 fxe4 18.
Nxe4 Bxe4 19. dxe4 Qf6 20. Qxh5 Qxh6 21. Qxh6 gxh6 22.
Rxa6 d6 23. Nh4 Rb8 24. Nf5 Rxb2 25. Nxd6 Rd8 26. Nxf7 Rf2 27. Nxh6+ Kh8 28. Raa1 Rdd2 29. Ra8+ Kg7 30. Nf5+ Kf6 31. Ra6+ Ke5 32. Raa1 Rxg2 33.
Ne3 Rxh2+ 34. Kg1 Rdg2# 0-1

[Event "*** Titled Tuesday Blitz"]
[Site "Chess.com"]
[Date "2018.12.04"]
[Round "8"]
[White "Benek77"]
[Black "AkibaRubi"]
[Result "1-0"]
[WhiteElo "2620"]
[BlackElo "2564"]
[TimeControl "180+2"]
[EndTime "14:52:18 PST"]
[Termination "Benek77 won by checkmate"]

1. e4 e6 2. d4 d5 3. exd5 exd5 4. c4 Nf6 5. Nc3 Be7 6. Nf3 O-O 7. Bd3 dxc4 8.
Bxc4 Nc6 9. O-O Bg4 10. Be3 Nb4 11. h3 Bh5 12. g4 Bg6 13. Ne5 c6 14. Rc1 Nbd5 15.
Qf3 Nxc3 16. bxc3 Be4 17. Qg3 Bd5 18. Bd3 Be4 19. Be2 Nd5 20. c4 Bh4 21. Qh2 Nxe3 22. fxe3 Qg5 23. Qf4 f6 24. Qxe4 fxe5 25. Bd3 g6 26. d5 Bg3 27. Kg2 Qh4 28. dxc6 bxc6 29. Qxc6 Rab8 30. Rxf8+ Rxf8 31. Qd5+ Rf7 32. Rf1 Bf2 33.
Qxe5 Kf8 34. Qb8+ Ke7 35. Qe5+ Kf8 36. c5 Be1 37. Qh8+ Ke7 38. Rxf7+ Kxf7 39. Bc4+ Ke7 40.
Qe5+ Kf8 41. Qf4+ Kg7 42. Qf7+ Kh6 43. Qf8+ Kg5 44. Qf4# 1-0

[Event "*** Titled Tuesday Blitz"]
[Site "Chess.com"]
[Date "2018.12.04"]
[Round "8"]
[White "NemtsevIgor"]
[Black "DSCC1"]
[Result "1-0"]
[WhiteElo "2334"]
[BlackElo "2162"]
[TimeControl "180+2"]
[EndTime "14:52:22 PST"]
[Termination "NemtsevIgor won on time"]

1. d4 d5 2. Bf4 c5 3. e3 Nc6 4. c3 Nf6 5. Nf3 Bg4 6. Bb5 Bxf3 7. Qxf3 e6 8. Nd2 Bd6 9. O-O O-O 10. Bd3 e5 11.
dxe5 Nxe5 12. Bxe5 Bxe5 13. Rad1 Qe7 14. Rfe1 Rfe8 15.
e4 dxe4 16. Nxe4 g6 17. Nxf6+ Qxf6 18. Qxb7 Rab8 19. Qxa7 Rxb2 20. Rf1 Bxc3 21. Qxc5 Bd4 22. Qd5 Rxf2 23. Kh1 Rd8 24. Qe4 h5 25. Bc4 Kg7 26.
h3 Rd7 27. a4 1-0

[Event "*** Titled Tuesday Blitz"]
[Site "Chess.com"]
[Date "2018.12.04"]
[Round "8"]
[White "vovachesss"]
[Black "Oligan22"]
[Result "1-0"]
[WhiteElo "2503"]
[BlackElo "2287"]
[TimeControl "180+2"]
[EndTime "14:52:41 PST"]
[Termination "vovachesss won by resignation"]

1. e4 c5 2. d4 cxd4 3. c3 d3 4. Bxd3 e6 5. Nf3 Nc6 6. O-O d6 7. Qe2 Nf6 8. Nbd2 Be7 9. Nc4 a6 10. Rd1 Qc7 11. Bf4 e5 12. Bg5 Be6 13. Ne3 O-O 14.
Bxf6 Bxf6 15. Bc4 Na5 16. Bd5 Rac8 17. Rd2 Rfd8 18. Rad1 b5 19. h3 h6 20. Nh2 Bg5 21.
Nhf1 Nc4 22. Bxc4 bxc4 23. Nd5 Qb7 24. Nfe3 g6 25. Kh2 Kg7 26. g3 Rd7 27. f4 exf4 28. gxf4 Bxd5 29. Nxd5 Bd8 30. Qg4 h5 31. Qf3 Bh4 32.
Rg1 Re8 33. Qxh5 Bd8 34. Rdg2 Rxe4 35. Rxg6+ fxg6 36. Qxg6+ 1-0

[Event "*** Titled Tuesday Blitz"]
[Site "Chess.com"]
[Date "2018.12.04"]
[Round "8"]
[White "Muguet7"]
[Black "MatyChess1"]
[Result "1-0"]
[WhiteElo "2460"]
[BlackElo "2514"]
[TimeControl "180+2"]
[EndTime "14:52:47 PST"]
[Termination "Muguet7 won by resignation"]

1. d4 Nf6 2. c4 e6 3. Nc3 Bb4 4.
Qc2 O-O 5. a3 Bxc3+ 6. Qxc3 b6 7.
Nf3 Bb7 8. Bg5 h6 9. Bh4 d6 10. e3 Nbd7 11. Bd3 Qe8 12. O-O Ne4 13. Qc2 f5 14.
Nd2 Nxd2 15. Qxd2 e5 16. f3 e4 17. Be2 exf3 18. Bxf3 Bxf3 19. Rxf3 Qe6 20. Raf1 Rae8 21. Qd3 g6 22. Bg3 Nf6 23. Bf4 Kh7 24. Rh3 h5 25. Rhf3 Qe4 26. Qxe4 Nxe4 27. Rc1 g5 28. Bg3 Kg6 29.
b4 c6 30. Be1 Rf7 31. h4 g4 32.
Rf1 Rfe7 33. Kh2 Nf6 34. Bd2 Re6 35. Rf4 Ra8 36. Rcf1 Ne4 37. Be1 Rf8 38. Kg1 Re7 39. a4 a6 40. Kh2 Ra7 41. Rxe4 fxe4 42. Rxf8 1-0

[Event "*** Titled Tuesday Blitz"]
[Site "Chess.com"]
[Date "2018.12.04"]
[Round "8"]
[White "Iyael"]
[Black "ddtru"]
[Result "1-0"]
[WhiteElo "2119"]
[BlackElo "2306"]
[TimeControl "180+2"]
[EndTime "14:52:47 PST"]
[Termination "Iyael won on time"]

1. e4 c5 2. c3 Nf6 3. e5 Nd5 4.
d4 cxd4 5. Nf3 e6 6. cxd4 Nc6 7. Nc3 Nxc3 8. bxc3 d6 9. exd6 Bxd6 10. Bd3 h6 11.
O-O O-O 12. Re1 b6 13. Qe2 f5 14. Bd2 Qf6 15. Ne5 Bxe5 16. dxe5 Qe7 17. Rad1 Bb7 18. Qe3 Rfd8 19. Bc1 Rd7 20. Qg3 Kh8 21. Bc4 Rad8 22. Rxd7 Rxd7 23. Qg6 Nxe5 24. Qxe6 Qxe6 25. Bxe6 Rd8 26.
Bxf5 Nc4 27. h3 a5 28. Kh2 Rf8 29. Bd3 Bd5 30. f3 b5 31. Re7 b4 32. cxb4 axb4 33.
Rc7 Ne5 34. Be2 Rf7 35. Rc5 Rd7 36. Bb2 Ng6 37. Bd3 Nf8 38. Bf5 Rd8 39. Rc7 Bxa2 40. Bxg7+ Kg8 41. Bf6 Rd6 42. Rg7+ Kh8 43. Bb2 Rd2 44.
Be5 Re2 45. f4 1-0

[Event "*** Titled Tuesday Blitz"]
[Site "Chess.com"]
[Date "2018.12.04"]
[Round "8"]
[White "Firouzja2003"]
[Black "penguingm1"]
[Result "1-0"]
[WhiteElo "3010"]
[BlackElo "2786"]
[TimeControl "180+2"]
[EndTime "14:52:50 PST"]
[Termination "Firouzja2003 won by resignation"]

1. e4 e5 2. Nf3 Nc6 3. Bb5 a6 4. Ba4 Nf6 5. O-O Be7 6. Re1 b5 7. Bb3 d6 8. c3 O-O 9. h3 Bb7 10. d4 Re8 11. Nbd2 Bf8 12. a3 g6 13. Ba2 Bg7 14. b4 exd4 15. cxd4 a5 16. Ng5 d5 17. e5 Nxd4 18. Bb2 Nh5 19. Nxf7 Qd7 20. Ng5 Ne6 21. Nxe6 Qxe6 22. Ne4 axb4 23. Nc5 Qe7 24. Nxb7 c6 25. Nd6 Rf8 26. axb4 Nf4 27. Re3 Kh8 28. Bb3 Rad8 29. Bd4 Ne6 30. Ra7 Rd7 31. Rxd7 Qxd7 32. Bb2 Qe7 33. Rf3 Ra8 34. Rf7 Qh4 35. Bxd5 Ng5 36. Bxc6 Rd8 37. Rd7 Rf8 38. Qd4 Qh5 39. Rxg7 Ne6 40. Qd5 Qh4 41. Rf7 1-0

[Event "*** Titled Tuesday Blitz"]
[Site "Chess.com"]
[Date "2018.12.04"]
[Round "8"]
[White "Andrew-FB00"]
[Black "DishonorOnYourCow"]
[Result "0-1"]
[WhiteElo "1793"]
[BlackElo "2230"]
[TimeControl "180+2"]
[EndTime "14:52:53 PST"]
[Termination "DishonorOnYourCow won by checkmate"]

1. e4 c5 2. Nf3 d6 3. Bb5+ Nd7 4. d4 cxd4 5. Qxd4 a6 6. Bxd7+ Bxd7 7. Bg5 h6 8. Bh4 Rc8 9. Nc3 Nf6 10. Bxf6 gxf6 11.
O-O Rg8 12. g3 Bh3 13. Rfe1 Qd7 14. Rad1 Bg4 15. Rd3 h5 16. Nh4 Bh6 17. f4 Bxf4 18.
gxf4 Bf3+ 19. Kf2 Qh3 20. Nxf3 Rg2+ 21. Ke3 Rxh2 22. Rd2 Rh1 23. Rxh1 Qxh1 24. Rd1 Qh3 25. Qd2 Rc4 26. b3 Rc5 27. Nd5 b5 28. Rg1 e6 29. Nxf6+ Ke7 30. e5 d5 31. b4 Rc4 32.
Rg8 d4+ 33. Ke4 Qf5# 0-1

[Event "*** Titled Tuesday Blitz"]
[Site "Chess.com"]
[Date "2018.12.04"]
[Round "8"]
[White "FranciscodelaF"]
[Black "maziarbagheri"]
[Result "0-1"]
[WhiteElo "2333"]
[BlackElo "2261"]
[TimeControl "180+2"]
[EndTime "14:52:54 PST"]
[Termination "maziarbagheri won by resignation"]

1. d4 d5 2. c4 c6 3. Nf3 e6 4.
Qc2 f5 5. g3 Nf6 6. Bg2 Bd6 7.
O-O Qe7 8. Nc3 O-O 9. Rb1 Nbd7 10. c5 Bc7 11. Bf4 Bxf4 12. gxf4 Ne4 13. b4 a6 14.
a4 Ndf6 15. Ne5 Bd7 16. Bxe4 fxe4 17. f3 exf3 18. Rxf3 Be8 19. Kh1 Nd7 20. Nd3 Bg6 21. Rg1 Qh4 22. e3 e5 23. Qf2 Qxf2 24. Nxf2 exd4 25.
exd4 Rae8 26. Kg2 Rf7 27. Ng4 Bh5 28. Kg3 Bxg4 29. Kxg4 Nf6+ 30. Kg3 Ne4+ 31. Nxe4 Rxe4 32. Rd1 Rf5 33. Rdd3 Kf7 34. Rf2 Kf6 35. Rff3 Kg6 36. Rf2 Rf6 37. Kg4 h5+ 38. Kg3 Kf5 39. Kh4 Rg6 40. Rg3 Rxg3 41. hxg3 g6 42. Rd2 Re1 43. Kh3 Ke4 44. Kh4 Ke3 45. Ra2 Rg1 46. Ra3+ Kxd4 47. Kg5 Ke4 48. Kxg6 h4 49. f5 Rxg3+ 50. Rxg3 hxg3 51. f6 g2 52. f7 g1=Q+ 53.
Kh7 Qf2 54. Kg8 Qg3+ 55. Kh8 Qh4+ 56. Kg8 Qg5+ 57. Kh8 Qh6+ 58. Kg8 Qg6+ 59. Kf8 Ke5 60. Ke8 Qe6+ 61. Kf8 Kf6 0-1

[Event "*** Titled Tuesday Blitz"]
[Site "Chess.com"]
[Date "2018.12.04"]
[Round "8"]
[White "mikhaillushenkov"]
[Black "SanchezKelvin"]
[Result "1-0"]
[WhiteElo "2652"]
[BlackElo "2499"]
[TimeControl "180+2"]
[EndTime "14:52:56 PST"]
[Termination "mikhaillushenkov won by resignation"]

1. Nf3 g6 2. e4 c5 3. c4 Bg7 4.
d4 d6 5. d5 Nf6 6. Nc3 O-O 7.
h3 e6 8. Bd3 Na6 9. Be3 exd5 10. exd5 Nc7 11. a4 Re8 12. O-O Na6 13. Rc1 Nb4 14. Bb1 a6 15. Re1 Bd7 16. b3 Qc7 17. Qd2 Kh8 18. Bf4 Ng8 19. Ne4 Bf8 20. Qc3+ Bg7 21. Qd2 Bf8 22. Nfg5 Bf5 23. Nxd6 Rxe1+ 24.
Rxe1 Bxd6 25. Bxd6 Qd7 26. Bxc5 a5 27. Bd4+ f6 28.
Ne6 Bxb1 29. Rxb1 Nc6 30. Bc3 b6 31. Re1 Nd8 32. Qf4 Qf7 33. Nxd8 Rxd8 34. Re6 Kg7 35. Rxb6 h6 36. g4 Re8 37. Kf1 g5 38. Qf5 Rf8 39.
Re6 Ne7 40. Qe4 Ng8 41. Bxa5 h5 42. Qf5 Nh6 43. Qe4 hxg4 44. hxg4 f5 45. Bc3+ Kh7 46. Rxh6+ Kxh6 47. Qh1+ 1-0

[Event "*** Titled Tuesday Blitz"]
[Site "Chess.com"]
[Date "2018.12.04"]
[Round "8"]
[White "AndrBaryshpolets"]
[Black "Berardino"]
[Result "1-0"]
[WhiteElo "2586"]
[BlackElo "2419"]
[TimeControl "180+2"]
[EndTime "14:53:04 PST"]
[Termination "AndrBaryshpolets won by resignation"]

1. d4 Nf6 2. c4 g6 3. Nc3 Bg7 4. g3 Kf8 5. Bg2 h6 6. e4 d6 7. Nge2 Kg8 8. O-O Kh7 9. f4 Bg4 10. e5 Ne8 11. h3 Bxe2 12. Qxe2 Nc6 13. d5 Nd4 14. Qe4 c5 15. Be3 f5 16. exf6 Nxf6 17. Qd3 Qb6 18. Rab1 a5 19. Kh2 Rhf8 20. Bxd4 cxd4 21.
Nb5 Nd7 22. Be4 Rf6 23. Qxd4 Nc5 24. Bc2 Kh8 25. Qe3 Re8 26. Rbe1 e5 27. fxe5 Rxe5 28.
Qd2 Rxf1 29. Rxf1 Nd7 30. Bxg6 Re7 31. Bb1 Qe3 32. Qxe3 Rxe3 33. Nxd6 Bxb2 34. Rf2 Bd4 35. Nf5 Bc5 36. Nxe3 Bxe3 37. Re2 Bd4 38. Re8+ 1-0

[Event "*** Titled Tuesday Blitz"]
[Site "Chess.com"]
[Date "2018.12.04"]
[Round "8"]
[White "martinique24"]
[Black "Markov_Mikhail"]
[Result "1-0"]
[WhiteElo "2431"]
[BlackElo "2592"]
[TimeControl "180+2"]
[EndTime "14:53:05 PST"]
[Termination "martinique24 won by resignation"]

1. e4 c5 2. Nf3 d6 3. d4 cxd4 4. Nxd4 Nf6 5. Nc3 a6 6. Be3 e5 7. Nb3 b5 8. a4 b4 9. Nd5 Bb7 10.
Bb6 Qd7 11. Nc7+ Ke7 12. Nxa8 Bxa8 13. f3 g6 14. a5 Bh6 15. Be2 Rc8 16. O-O Kf8 17.
Kh1 Kg8 18. Qd3 Bf8 19. Rfd1 Bb7 20. Nd2 Nh5 21. Be3 Qc6 22. Nc4 Nf4 23. Bxf4 exf4 24. Nb6 Rd8 25. Nd5 Kh8 26. Qc4 Bg7 27. Rab1 Qxc4 28. Bxc4 Nc6 29. Nxf4 Nxa5 30. Bd5 Bxd5 31. Nxd5 Nc4 32. c3 b3 33. Kg1 a5 34. Kf2 Ra8 35.
Ne3 Ne5 36. Rxd6 Bf8 37. Rd5 f6 38. Ng4 Nxg4+ 39. fxg4 a4 40. Rb5 Rc8 41. Ke2 Bd6 42. Kd3 Bxh2 43. Rh1 Be5 44. Rb7 Bc7 45. Ra1 Kg7 46.
Rxa4 Kh6 47. Raa7 Be5 48. Rxh7+ Kg5 49. Rhb7 Rd8+ 50. Kc4 Rd2 51. Kxb3 Rxg2 52. Kc4 Kxg4 53. b4 Kf3 54. b5 Kxe4 55. b6 Rc2 56. Ra3 g5 57.
Re7 Kf5 58. Rxe5+ 1-0

[Event "*** Titled Tuesday Blitz"]
[Site "Chess.com"]
[Date "2018.12.04"]
[Round "8"]
[White "M1711"]
[Black "gmjlh"]
[Result "0-1"]
[WhiteElo "2497"]
[BlackElo "2701"]
[TimeControl "180+2"]
[EndTime "14:53:11 PST"]
[Termination "gmjlh won by checkmate"]

1. e4 c6 2. d4 d5 3. Nd2 dxe4 4. Nxe4 Nf6 5. Nxf6+ exf6 6. c3 Bd6 7. Bd3 O-O 8. Qc2 Re8+ 9. Be3 h5 10. O-O-O Nd7 11.
Ne2 Nf8 12. Ng3 h4 13. Nf5 Bxf5 14. Bxf5 Qc7 15. g3 c5 16. gxh4 Bf4 17. Qd3 cxd4 18. Qxd4 Bxe3+ 19. fxe3 Rad8 20. Qf4 Rxd1+ 21. Rxd1 Qb6 22.
Rd3 Re5 23. Bg4 Qa6 24. Rd8 Qa5 25. Qd4 Qc7 26. Rc8 Qe7 27. Kd2 Re4 28. Qxa7 Rxg4 29. Qb8 Rg2+ 30. Kd3 Rxb2 31. h5 Qd7+ 32. Ke4 Qe6+ 33. Kf3 Qf5+ 34. Kg3 Qg5+ 35. Kf3 Qg2+ 36. Kf4 Rf2# 0-1

[Event "*** Titled Tuesday Blitz"]
[Site "Chess.com"]
[Date "2018.12.04"]
[Round "8"]
[White "biostatistician"]
[Black "Manukyan_Artak"]
[Result "0-1"]
[WhiteElo "2471"]
[BlackElo "2407"]
[TimeControl "180+2"]
[EndTime "14:53:11 PST"]
[Termination "Manukyan_Artak won by checkmate"]

1. d4 d5 2. Nf3 Nf6 3. c4 e6 4. Bg5 a6 5. e3 h6 6. Bxf6 Qxf6 7. Nc3 c6 8. Bd3 g5 9. O-O Nd7 10. e4 g4 11. e5 Qg7 12. Nd2 h5 13. f4 f5 14. a3 h4 15. b4 g3 16. h3 Be7 17.
Rb1 O-O 18. a4 b6 19. Qe2 Bb7 20. Rfc1 Rfc8 21. c5 b5 22. Ra1 Qh6 23. Qf3 Nf8 24.
Nb3 Ng6 25. Ne2 Rc7 26. Rc2 Kf7 27. Rca2 Rcc8 28. Na5 Ra7 29. Bc2 Rca8 30. Nxb7 Rxb7 31. axb5 Rxb5 32. Rxa6 Rxa6 33. Rxa6 Rxb4 34. Rxc6 Rb2 35.
Bd3 Rd2 36. Rc8 Rd1+ 37. Qf1 Rxf1+ 38. Kxf1 Nxf4 39. Bb5 Nxe2 40. Kxe2 Qf4 41. c6 Qe4+ 42. Kd2 Bb4+ 43. Kd1 Qxd4+ 44. Ke2 Qxe5+ 45. Kd3 Qe4# 0-1

[Event "*** Titled Tuesday Blitz"]
[Site "Chess.com"]
[Date "2018.12.04"]
[Round "8"]
[White "amintabatabaei"]
[Black "josmito10"]
[Result "1-0"]
[WhiteElo "2735"]
[BlackElo "2691"]
[TimeControl "180+2"]
[EndTime "14:53:17 PST"]
[Termination "amintabatabaei won by checkmate"]

1. d4 Nf6 2. c4 e6 3. g3 d5 4. Bg2 Be7 5. Nf3 O-O 6. O-O dxc4 7. Qc2 a6 8. a4 Bd7 9. Rd1 Bc6 10. Bg5 Nbd7 11. Nc3 Nd5 12. Bxe7 Qxe7 13. e4 Nxc3 14.
bxc3 b5 15. Nd2 e5 16. Nf1 Rfe8 17. Re1 Nb6 18. a5 Na4 19. Rac1 Rad8 20. Ne3 exd4 21. Nf5 Qa3 22. cxd4 g6 23. Nh6+ Kg7 24. Qd2 Qb2 25.
Qg5 Bd7 26. e5 Qxd4 27. Re4 Qxe4 28. Bxe4 Be6 29. Bc6 Rf8 30. Re1 Rd4 31. f4 Nc5 32. f5 b4 33. fxe6 Nxe6 34. Nf5+ Kg8 35. Ne7+ Kh8 36. Qf6+ Ng7 37. Bd5 c3 38. Bb3 c5 39.
Qxa6 c4 40. Bxc4 c2 41. Bb3 Rd1 42. Rxd1 cxd1=Q+ 43. Bxd1 Ne6 44. Bb3 Nc5 45. Qf6# 1-0

[Event "*** Titled Tuesday Blitz"]
[Site "Chess.com"]
[Date "2018.12.04"]
[Round "8"]
[White "DiogenesSinopeus"]
[Black "vinniethepooh"]
[Result "0-1"]
[WhiteElo "2411"]
[BlackElo "2415"]
[TimeControl "180+2"]
[EndTime "14:53:17 PST"]
[Termination "vinniethepooh won by checkmate"]

1. d4 d5 2. c4 Nf6 3. cxd5 g6 4. Nf3 Bg7 5. e3 O-O 6. Be2 Nxd5 7. e4 Nb6 8. O-O Bg4 9. Nbd2 Nc6 10. d5 Ne5 11.
Nxe5 Bxe2 12. Qxe2 Bxe5 13. f4 Bg7 14. a4 a5 15. Nf3 Qd7 16. Ne5 Qd6 17. Nd3 Rfd8 18. Be3 e6 19. Bc5 Qd7 20. d6 Nc4 21. Rad1 cxd6 22.
Ne5 Nxe5 23. fxe5 Bxe5 24. Qf2 Qe7 25. Bb6 Rdc8 26. Rc1 Rc6 27. Kh1 Ra6 28. Be3 Rxc1 29. Rxc1 Rc6 30. Rxc6 bxc6 31. Bh6 Qf6 32. Qe2 g5 33. h3 Qxh6 34. Qa6 Qf6 35. Qxa5 Qf1# 0-1

[Event "*** Titled Tuesday Blitz"]
[Site "Chess.com"]
[Date "2018.12.04"]
[Round "8"]
[White "AliKa2810"]
[Black "ChessQueen"]
[Result "1-0"]
[WhiteElo "2492"]
[BlackElo "2547"]
[TimeControl "180+2"]
[EndTime "14:53:19 PST"]
[Termination "AliKa2810 won by resignation"]

1. d4 Nf6 2. c4 e6 3. Nc3 Bb4 4. e3 b6 5. Ne2 Bb7 6. a3 Be7 7. d5 e5 8. Ng3 g6 9. Bd3 d6 10. O-O O-O 11. f4 exf4 12. exf4 a5 13. f5 Nbd7 14. Bh6 Re8 15. fxg6 hxg6 16. Bf4 Ne5 17.
Bxe5 dxe5 18. Qf3 Rf8 19. Rae1 Qd6 20. Kh1 Rae8 21. Nb5 Qd7 22. Rxe5 c6 23. Nc3 cxd5 24. cxd5 Bd8 25. Bb5 Rxe5 26. Bxd7 Nxd7 27. Nge4 Rf5 28. Qd1 Rxf1+ 29. Qxf1 Kg7 30. Qb5 Nf6 31. Nxf6 Bxf6 32. Qxb6 Re8 33. Qf2 Re5 34. Qd2 Rf5 35. Kg1 Bd8 36.
h3 Bb6+ 37. Kh2 Rf2 38. Qe1 Bc7+ 39. Kg1 Rxb2 40. Qe7 Bb6+ 41. Kh2 Bd4 42. Qc7 Kf6 43. Qf4+ 1-0

[Event "*** Titled Tuesday Blitz"]
[Site "Chess.com"]
[Date "2018.12.04"]
[Round "8"]
[White "cherryandmint"]
[Black "gemarin"]
[Result "0-1"]
[WhiteElo "2666"]
[BlackElo "2053"]
[TimeControl "180+2"]
[EndTime "14:53:23 PST"]
[Termination "gemarin won by resignation"]

1. Nf3 d5 2. g3 c6 3. Bg2 Nf6 4. O-O Bf5 5. b3 Nbd7 6. Bb2 e6 7. c4 h6 8. Nc3 Be7 9. d3 O-O 10. a3 a5 11. Nd4 Bh7 12. cxd5 exd5 13. e4 Nc5 14. b4 dxe4 15. dxe4 axb4 16. axb4 Rxa1 17. Bxa1 Ncxe4 18. Nxe4 Nxe4 19. Re1 Nf6 20. Qb3 Re8 21. b5 c5 22. Nf3 Bd6 23. Rd1 Qe7 24. Bxf6 Qxf6 25. Qd5 Bf8 26. Qxb7 Be4 27. Qd7 Re7 28.
Qc8 Bxf3 29. Rd8 Re1+ 30. Bf1 Be2 31. b6 Bxf1 32. Rxf8+ Kh7 33. Rh8+ Kg6 34. Qg4+ Qg5 35. Qxg5+ hxg5 36. f3 Ba6+ 37. Kf2 Rb1 38. Rb8 c4 39. Ke3 c3 0-1